 Dungeon Crawl Stone Soup version 0.27-a0-1273-gec92ba881d (webtiles) character file.

Game seed: 6512915722024374418

192 Anon1729 the Cudgeller (level 5, -6/40 HPs)
             Began as a Palentonga Warper on June 11, 2021.
             Killed by divine providence
             ... invoked by an orc priest
              (13 damage)
             ... on level 4 of the Dungeon.
             The game lasted 00:02:52 (4735 turns).

Anon1729 the Cudgeller (Palentonga Warper)          Turns: 4735, Time: 00:02:53

Health: -6/40      AC:  9    Str: 15    XL:     5   Next: 42%
Magic:  8/8        EV:  8    Int: 14    God:
Gold:   72         SH:  0    Dex:  9    Spells: 8/8 levels left

rFire    . . .     SeeInvis +   a - +0 mace
rCold    . . .     Faith    .   (no shield)
rNeg     . . .     Spirit   .   n - +3 ring mail
rPois    .         Reflect  .   m - +0 helmet
rElec    .         Harm     .   (no cloak)
rCorr    .         Rampage  .   (no gloves)
Will     .....                  (no barding)
Stlth    ..........             (no amulet)
HPRegen  0.13/turn              (no ring)
MPRegen  0.11/turn              (no ring)

@: no status effects
A: large, rugged brown scales 3, see invisible, deformed body, roll 1, armoured
tail
a: Rolling Charge


You were on level 4 of the Dungeon.
You visited 1 branch of the dungeon, and saw 4 of its levels.

You collected 72 gold pieces.

Inventory:

Hand Weapons
 a - a +0 mace (weapon)
Missiles
 e - 5 boomerangs of dispersal (quivered)
Armour
 b - a +0 leather armour
 j - a +0 chain mail
 m - a +0 helmet (worn)
 n - a +3 ring mail (worn)
Scrolls
 d - a scroll of blinking
 f - 3 scrolls of summoning {unknown}
 g - a scroll of magic mapping {unknown}
 h - 2 scrolls of identify {unknown}
 k - 4 scrolls of teleportation {unknown}
 l - 2 scrolls of amnesia {unknown}
Potions
 c - a potion of heal wounds {unknown}
 i - a potion of brilliance {unknown}


   Skills:
 - Level 2.0 Fighting
 + Level 5.7 Maces & Flails
 - Level 0.6 Throwing
 - Level 0.7 Armour
 - Level 1.5 Dodging
 - Level 2.0 Spellcasting
 - Level 3.0 Translocations


You had 8 spell levels left.
You didn't know any spells.
Your spell library contained the following spells:

 Spells                   Type           Power      Damage    Failure   Level
 Apportation              Tloc           18%        N/A       14%         1
 Blink                    Tloc           N/A        N/A       21%         2
 Gell's Gravitas          Tloc           4%         N/A       38%         3
 Lesser Beckoning         Tloc           4%         N/A       38%         3
 Teleport Other           Tloc           9%         N/A       38%         3
 Animate Skeleton         Necr           2%         N/A       43%         1
 Corona                   Hex            1%         N/A       43%         1
 Summon Small Mammal      Summ           4%         N/A       43%         1
 Manifold Assault         Tloc           9%         N/A       98%         5


Dungeon Overview and Level Annotations

Branches:
Dungeon (4/15)
 Temple: D:4-7

Altars:
Fedhas
Sif Muna
Wu Jian


Innate Abilities, Weirdness & Mutations

You are completely covered in rugged brown scales. (AC +3, +7% HP)
You have supernaturally acute eyesight. (SInv)
Armour fits poorly on your strangely shaped body.
You can roll at nearby foes to attack.
You have a long armoured tail.


Message History

You feel sick.
You are no longer poisoned.
There is an open door here.
You close the door.
You start resting.
HP restored.
As you open the door, it creaks loudly!
You hear a shout! x2
There is an open door here.
There are monsters nearby!
There are monsters nearby!
There are monsters nearby!
You close the door.
You start waiting.
An orc opens the door.
It is wielding a +0 mace.
The orc priest calls down the wrath of Beogh upon you.
Beogh smites you!
You closely miss the orc priest. The orc priest barely misses you.
You hit the orc priest but do no damage.
The orc priest hits you but does no damage.
You hit the orc priest.
The orc priest is lightly wounded.
The orc priest invokes the aid of Beogh against you.
Beogh smites you!
The orc priest mumbles some strange prayers to Beogh against you.
Pain shoots through your body!
* * * LOW HITPOINT WARNING * * *
You are too injured to fight recklessly!
You are too injured to fight recklessly!
You are too injured to fight recklessly!
You are too injured to fight recklessly!
Unknown command.
Okay, then.
You hit the orc priest. You tail-slap the orc priest.
The orc priest is severely wounded.
The orc priest barely misses you.
You hit the orc priest. You tail-slap the orc priest.
The orc priest is almost dead.
The orc priest calls down the wrath of Beogh upon you.
Beogh smites you!
You die...

####### #.############.#
#.....######.############†####
#####.##..(#.##..............#
#.....##...#.##..............#
#...####...#.##...)..........#
#..........'.##..............#
#....###...####..............#
#....# #...####..............#
#....# #<..+.@oo.............#
#...## #...####o...?.........#
#...# ##### #.........?.$.
##### #........... #..........
#......... #...!.... .......


You could see 2 orc priests and an orc.

Vanquished Creatures
  A scorpion (D:4)
  A hound skeleton (D:3)
  6 adders
  A worm (D:2)
  A dart slug (D:2)
  3 orcs (D:3)
  4 ball pythons
  9 bats
  4 endoplasms
  4 giant cockroaches (D:1)
  6 goblins
  6 hobgoblins
  2 jackals (D:1)
  6 kobolds
  A quokka (D:1)
  A frilled lizard (D:1)
  3 rats (D:1)
59 creatures vanquished.

Notes
Turn   | Place    | Note
-------+----------+-------------------------------------------
     0 | D:1      | Anon1729 the Palentonga Warper began the quest for the Orb.
     0 | D:1      | Reached XP level 1. HP: 17/17 MP: 3/3
   233 | D:1      | Reached XP level 2. HP: 13/23 MP: 5/5
   599 | D:1      | Reached skill level 3 in Maces & Flails
  1643 | D:1      | Reached XP level 3. HP: 16/28 MP: 6/6
  2504 | D:2      | Found a faded altar of an unknown god.
  2566 | D:2      | Reached skill level 4 in Maces & Flails
  3180 | D:2      | Reached XP level 4. HP: 35/35 MP: 7/7
  3396 | D:3      | Found a blossoming altar of Fedhas.
  3401 | D:3      | Found a shimmering blue altar of Sif Muna.
  3402 | D:3      | Found an ornate altar of the Wu Jian Council.
  4124 | D:3      | Reached skill level 5 in Maces & Flails
  4523 | D:4      | Noticed a scorpion
  4538 | D:4      | Killed a scorpion
  4539 | D:4      | Reached XP level 5. HP: 33/40 MP: 8/8
  4735 | D:4      | Killed from afar by an orc priest

Illustrated notes

Levels and vault maps discovered:
D:1:      amcnicky_arrival_choice, layout_basic
D:2:      layout_loops_corners, ebering_ecumenical_altar_mist
D:3:      layout_rooms, gammafunk_temple_overflow_forgotten,
          serial_corexii_hall, corexii_hall_statues_l,
          chequers_hall_statues_wall_a, corexii_hall_statues_i, minmay_unequal
D:4:      layout_basic, nicolae_tso_carved_into_rock, uniq_duvessa

Skill      XL: |  1  2  3  4 |
---------------+-------------+-----
Maces & Flails | 3 4 5 |  5.7
Fighting       | |  2.0
Throwing       | |  0.6
Armour         | |  0.7
Dodging        | |  1.5
Spellcasting   | |  2.0
Translocations | |  3.0

Action                   |  1- 3 |  4- 6 || total
-------------------------+-------+-------++-------
Melee: Mace              |   149 |   105 ||   254
       Tailslap          |     9 |    13 ||    22
Armor: Leather armour    |    72 |       ||    72
       Chain mail        |     7 |    86 ||    93
       Ring mail         |       |     9 ||     9
Dodge: Dodged            |    90 |    37 ||   127

Table legend: (Time is in decaauts)
 A = Elapsed time spent in this place.
 B = Non-inter-level travel time spent in this place.
 C = Inter-level travel time spent in this place.
 D = Time resting spent in this place.
 E = Time spent auto-exploring this place.
 F = Levels seen in this place.
 G = Mean time per level.
                   A        B        C        D        E       F      G
               +--------+--------+--------+--------+--------+-----+--------+
         Total |   4787 |   4570 |    217 |    367 |   3642 |   4 | 1196.8 |
       Dungeon |   4787 |   4570 |    217 |    367 |   3642 |   4 | 1196.8 |
               +--------+--------+--------+--------+--------+-----+--------+

Top non-repeatable levels by time:
     D:1: 1913 daAuts
     D:2: 1334 daAuts
     D:3: 1277 daAuts
     D:4: 262 daAuts
